| TOP OF THE 1ST |
|
University of Georgia Bulldogs batting - Pitching for University of Miami Hurricanes : RHP Raymilson La Arena
|
|
Pitching: RHP Raymilson La Arena
|
|
|
Batting: RHB Justin Szymczyk
|
0-0: Foul Ball, location: 2F 0-1: Called Strike 0-2: Foul Ball, location: 2F 0-2: Ball 1-2: Ball 2-2: Ground out 4-3 (Groundball, 4, EV 87.5 MPH)
|
|
Batting: LHB Cole Sanchez
|
0-0: Called Strike 0-1: Ball 1-1: SINGLE (Groundball, P, EV 92.5 MPH) (infield hit)
|
|
Batting: LHB Milton Yeo
|
0-0: Called Strike 0-1: Ball 1-1: Hit by Pitch Cole Sanchez to second
|
|
Batting: RHB Murilo Cunha
|
0-0: Swinging Strike 0-1: Called Strike 0-2: Strikes out swinging
|
|
Batting: RHB Rodolfo Solis
|
0-0: Fielders Choice at 2nd, 6-4 (Groundball, 56, EV 78.8 MPH)
|
| Top of the 1st over - 0 runs, 1 hit, 0 errors, 2 left on base; University of Georgia 0 - University of Miami 0 |
| BOTTOM OF THE 1ST |
|
University of Miami Hurricanes batting - Pitching for University of Georgia Bulldogs : RHP Norbaer Oomen
|
|
Pitching: RHP Norbaer Oomen
|
|
|
Batting: SHB Taylor Shelton
|
0-0: Called Strike 0-1: Ball 1-1: Ball 2-1: Ball 3-1: Foul Ball, location: 2F 3-2: Foul Ball, location: 2F 3-2: Foul Ball, location: 2F 3-2: Strikes out swinging
|
|
Batting: RHB Sam Costello
|
0-0: Called Strike 0-1: Swinging Strike 0-2: Ball 1-2: Strikes out looking
|
|
Batting: RHB Burke Miller
|
0-0: Ball 1-0: Ball 2-0: Called Strike 2-1: Foul Ball, location: 2F 2-2: Strikes out looking
|
| Bottom of the 1st over - 0 runs, 0 hits, 0 errors, 0 left on base; University of Georgia 0 - University of Miami 0 |
| TOP OF THE 2ND |
|
University of Georgia Bulldogs batting - Pitching for University of Miami Hurricanes : RHP Raymilson La Arena
|
|
Batting: LHB Sloan Rayner
|
0-0: Ball 1-0: Ground out 4-3 (Groundball, 4, EV 105.6 MPH)
|
|
Batting: RHB Rich Gold
|
0-0: Ball 1-0: Swinging Strike 1-1: Ball 2-1: Fly out, F7 (Flyball, 7D, EV 106.2 MPH)
|
|
Batting: LHB Luis Mejia
|
0-0: Called Strike 0-1: Foul Ball, location: 2F 0-2: Ball 1-2: Ground out 4-3 (Groundball, 4M, EV 91.2 MPH)
|
| Top of the 2nd over - 0 runs, 0 hits, 0 errors, 0 left on base; University of Georgia 0 - University of Miami 0 |
| BOTTOM OF THE 2ND |
|
University of Miami Hurricanes batting - Pitching for University of Georgia Bulldogs : RHP Norbaer Oomen
|
|
Batting: LHB Hector Salazar
|
0-0: Ball 1-0: Swinging Strike 1-1: Foul Ball, location: 2F 1-2: Ground out U3 (Groundball, 13, EV 79.4 MPH)
|
|
Batting: LHB Addergoole Kartosuwiryo
|
0-0: Ball 1-0: Swinging Strike 1-1: Called Strike 1-2: Strikes out swinging
|
|
Batting: RHB Christian Leschak
|
0-0: Called Strike 0-1: Ball 1-1: Ball 2-1: Called Strike 2-2: Ball 3-2: Strikes out looking
|
| Bottom of the 2nd over - 0 runs, 0 hits, 0 errors, 0 left on base; University of Georgia 0 - University of Miami 0 |
| TOP OF THE 3RD |
|
University of Georgia Bulldogs batting - Pitching for University of Miami Hurricanes : RHP Raymilson La Arena
|
|
Batting: RHB James Warby
|
0-0: Foul Ball, location: 2F 0-1: Fly out, F7 (Flyball, 7D, EV 89.4 MPH)
|
|
Batting: RHB Justin Szymczyk
|
0-0: SINGLE (Groundball, 4S, EV 68.1 MPH) (infield hit)
|
|
Batting: LHB Cole Sanchez
|
0-0: Ball Justin Szymczyk is caught stealing 2nd base 2-6 1-0: Foul Ball, location: 2F 1-1: Called Strike 1-2: Ground out 4-3 (Groundball, 4, EV 82.5 MPH)
|
| Top of the 3rd over - 0 runs, 1 hit, 0 errors, 0 left on base; University of Georgia 0 - University of Miami 0 |
| BOTTOM OF THE 3RD |
|
University of Miami Hurricanes batting - Pitching for University of Georgia Bulldogs : RHP Norbaer Oomen
|
|
Batting: RHB Drew Morgenstern
|
0-0: Called Strike 0-1: Ball 1-1: SINGLE (Line Drive, 4D, EV 95.0 MPH)
|
|
Batting: RHB Leonardo Morales
|
0-0: Ball 1-0: Grounds into double play, 6-4-3 (Groundball, 6, EV 97.5 MPH)
|
|
Batting: RHB Mark Kerr
|
0-0: Ball 1-0: Foul Ball, location: 2F 1-1: Swinging Strike 1-2: Foul Ball, location: 2F 1-2: Ball 2-2: Strikes out swinging
|
| Bottom of the 3rd over - 0 runs, 1 hit, 0 errors, 0 left on base; University of Georgia 0 - University of Miami 0 |
| TOP OF THE 4TH |
|
University of Georgia Bulldogs batting - Pitching for University of Miami Hurricanes : RHP Raymilson La Arena
|
|
Batting: LHB Milton Yeo
|
0-0: Ball 1-0: Called Strike 1-1: Ball 2-1: DOUBLE (Groundball, 3L, EV 106.2 MPH)
|
|
Batting: RHB Murilo Cunha
|
0-0: Reached on error, E4 (Groundball, 4, EV 99.4 MPH) Milton Yeo to third
|
|
Batting: RHB Rodolfo Solis
|
0-0: Ball Murilo Cunha is caught stealing 2nd base 2-4 1-0: Ball 2-0: Called Strike 2-1: Foul Ball, location: 2F 2-2: Ball 3-2: Strikes out swinging
|
|
Batting: LHB Sloan Rayner
|
0-0: Ground out 5-3 (Groundball, 5L, EV 101.9 MPH)
|
| Top of the 4th over - 0 runs, 1 hit, 1 error, 1 left on base; University of Georgia 0 - University of Miami 0 |
| BOTTOM OF THE 4TH |
|
University of Miami Hurricanes batting - Pitching for University of Georgia Bulldogs : RHP Norbaer Oomen
|
|
Batting: SHB Taylor Shelton
|
0-0: Swinging Strike 0-1: Called Strike 0-2: Foul Ball, location: 2F 0-2: Strikes out looking
|
|
Batting: RHB Sam Costello
|
0-0: Called Strike 0-1: Foul Ball, location: 2F 0-2: Ball 1-2: Fly out, F4 (Popup, 34, EV 74.4 MPH)
|
|
Batting: RHB Burke Miller
|
0-0: Ball 1-0: Ball 2-0: Ground out 4-3 (Groundball, 4, EV 85.0 MPH)
|
| Bottom of the 4th over - 0 runs, 0 hits, 0 errors, 0 left on base; University of Georgia 0 - University of Miami 0 |
| TOP OF THE 5TH |
|
University of Georgia Bulldogs batting - Pitching for University of Miami Hurricanes : RHP Raymilson La Arena
|
|
Batting: RHB Rich Gold
|
0-0: Reached on error, E6 (Groundball, 6, EV 83.1 MPH)
|
|
Batting: LHB Luis Mejia
|
0-0: Ball 1-0: Ground out U3 (Groundball, 34, EV 81.2 MPH) Rich Gold to third
|
|
Batting: RHB James Warby
|
0-0: Swinging Strike 0-1: Ball 1-1: SINGLE (Groundball, 56, EV 94.4 MPH) Rich Gold scores
|
|
Batting: RHB Justin Szymczyk
|
0-0: Called Strike 0-1: Ball 1-1: Foul Ball, location: 2F 1-2: Foul Ball, location: 2F 1-2: Fielders Choice at 2nd, 4-6 (Groundball, 13, EV 82.5 MPH)
|
|
Batting: LHB Cole Sanchez
|
0-0: Ball Justin Szymczyk is caught stealing 2nd base 2-6
|
| Top of the 5th over - 1 run, 1 hit, 1 error, 0 left on base; University of Georgia 1 - University of Miami 0 |
| BOTTOM OF THE 5TH |
|
University of Miami Hurricanes batting - Pitching for University of Georgia Bulldogs : RHP Norbaer Oomen
|
|
Batting: LHB Hector Salazar
|
0-0: Ball 1-0: Called Strike 1-1: Ground out 5-3 (Groundball, 5, EV 82.5 MPH)
|
|
Batting: LHB Addergoole Kartosuwiryo
|
0-0: Foul Ball, location: 2F 0-1: Ball 1-1: Ball 2-1: Foul Ball, location: 2F 2-2: Strikes out swinging
|
|
Batting: RHB Christian Leschak
|
0-0: Called Strike 0-1: Foul Ball, location: 2F 0-2: Ball 1-2: Strikes out swinging
|
| Bottom of the 5th over - 0 runs, 0 hits, 0 errors, 0 left on base; University of Georgia 1 - University of Miami 0 |
| TOP OF THE 6TH |
|
University of Georgia Bulldogs batting - Pitching for University of Miami Hurricanes : RHP Raymilson La Arena
|
|
Batting: LHB Cole Sanchez
|
0-0: Ball 1-0: Foul Ball, location: 2F 1-1: Foul Ball, location: 2F 1-2: Ball 2-2: Foul Ball, location: 2F 2-2: Ground out 6-3 (Groundball, 6M, EV 107.5 MPH)
|
|
Batting: LHB Milton Yeo
|
0-0: Ground out 4-3 (Groundball, 4, EV 78.1 MPH)
|
|
Batting: RHB Murilo Cunha
|
0-0: SINGLE (Line Drive, 78M, EV 107.5 MPH)
|
|
Batting: RHB Rodolfo Solis
|
0-0: Ball Murilo Cunha steals 2nd base 1-0: Swinging Strike 1-1: Foul Ball, location: 2F 1-2: Foul Ball, location: 2F 1-2: Fly out, F7 (Flyball, 7LS, EV 90.0 MPH)
|
| Top of the 6th over - 0 runs, 1 hit, 0 errors, 1 left on base; University of Georgia 1 - University of Miami 0 |
| BOTTOM OF THE 6TH |
|
University of Miami Hurricanes batting - Pitching for University of Georgia Bulldogs : RHP Norbaer Oomen
|
|
Batting: RHB Drew Morgenstern
|
0-0: Ball 1-0: Ball 2-0: Foul Ball, location: 2F 2-1: Swinging Strike 2-2: Foul Ball, location: 2F 2-2: Foul Ball, location: 2F 2-2: Strikes out swinging
|
|
Batting: RHB Leonardo Morales
|
0-0: Called Strike 0-1: Foul Ball, location: 2F 0-2: Ball 1-2: Foul Ball, location: 2F 1-2: Ball 2-2: Ground out 1-3 (Groundball, 15S, EV 76.2 MPH)
|
|
Batting: RHB Mark Kerr
|
0-0: Ball 1-0: Foul Ball, location: 2F 1-1: Swinging Strike 1-2: Ball 2-2: Strikes out swinging
|
| Bottom of the 6th over - 0 runs, 0 hits, 0 errors, 0 left on base; University of Georgia 1 - University of Miami 0 |
| TOP OF THE 7TH |
|
University of Georgia Bulldogs batting - Pitching for University of Miami Hurricanes : RHP Raymilson La Arena
|
|
Batting: LHB Sloan Rayner
|
0-0: Called Strike 0-1: DOUBLE (Line Drive, 5D, EV 106.2 MPH)
|
|
Batting: RHB Rich Gold
|
0-0: Bunt missed! 0-1: Bunted foul 0-2: Foul Ball, location: 2F 0-2: Ball 1-2: Strikes out swinging
|
|
Batting: LHB Luis Mejia
|
0-0: Intentional Walk
|
|
Pitching: RHP Matt Pepin
|
|
|
Batting: RHB James Warby
|
0-0: Called Strike 0-1: Called Strike 0-2: Strikes out looking
|
|
Batting: RHB Justin Szymczyk
|
0-0: Ball 1-0: Ball 2-0: Foul Ball, location: 2F 2-1: Ball 3-1: Foul Ball, location: 2F 3-2: Foul Ball, location: 2F 3-2: Base on Balls Sloan Rayner to third Luis Mejia to second
|
|
Batting: LHB Cole Sanchez
|
0-0: Called Strike 0-1: Foul Ball, location: 2F 0-2: Ball 1-2: Strikes out swinging
|
| Top of the 7th over - 0 runs, 1 hit, 0 errors, 3 left on base; University of Georgia 1 - University of Miami 0 |
| BOTTOM OF THE 7TH |
|
University of Miami Hurricanes batting - Pitching for University of Georgia Bulldogs : RHP Norbaer Oomen
|
|
Pitching: RHP Jesse Moritz
|
|
|
Batting: SHB Taylor Shelton
|
0-0: Ball 1-0: Foul Ball, location: 2F 1-1: Foul Ball, location: 2F 1-2: Ball 2-2: DOUBLE (Line Drive, 9LM, EV 101.9 MPH)
|
|
Batting: RHB Chris Zubia
|
0-0: Ball 1-0: Ball 2-0: Foul Ball, location: 2F 2-1: Foul Ball, location: 2F 2-2: Foul Ball, location: 2F 2-2: Ball 3-2: Foul Ball, location: 2F 3-2: Base on Balls
|
|
Batting: RHB Burke Miller
|
0-0: Called Strike 0-1: 3-RUN HOME RUN (Line Drive, 7LD, EV 94.4 MPH), Distance : 349 ft
|
|
Pitching: LHP Andres Caceres
|
|
|
Batting: LHB Hector Salazar
|
0-0: Ball 1-0: Ball 2-0: Ball 3-0: Base on Balls
|
|
Batting: LHB Addergoole Kartosuwiryo
|
0-0: Ball 1-0: Ball 2-0: Swinging Strike 2-1: Fielders Choice at 2nd, 3-6 (Groundball, 23, EV 83.1 MPH)
|
|
Batting: RHB Christian Leschak
|
0-0: SINGLE (Flyball, 8LS, EV 96.2 MPH) Addergoole Kartosuwiryo to second Runner from 2nd tries for 3rd, SAFE, throw by CF made to third
|
|
Batting: RHB Drew Morgenstern
|
0-0: Ground out 5-3 (Groundball, 56S, EV 85.0 MPH) Christian Leschak to second
|
|
Batting: RHB Leonardo Morales
|
0-0: Ball 1-0: Ball 2-0: Ball 3-0: Base on Balls
|
|
Batting: RHB Mark Kerr
|
0-0: Called Strike 0-1: Fielders Choice at 2nd, 5-4 (Groundball, 5, EV 82.5 MPH)
|
| Bottom of the 7th over - 3 runs, 3 hits, 0 errors, 3 left on base; University of Georgia 1 - University of Miami 3 |
| TOP OF THE 8TH |
|
University of Georgia Bulldogs batting - Pitching for University of Miami Hurricanes : RHP Matt Pepin
|
|
Batting: LHB Milton Yeo
|
0-0: SINGLE (Groundball, P, EV 83.8 MPH) (infield hit)
|
|
Batting: RHB Murilo Cunha
|
0-0: Called Strike 0-1: Ball 1-1: Ball 2-1: Swinging Strike 2-2: Strikes out looking
|
|
Batting: RHB Rodolfo Solis
|
0-0: Ball 1-0: Fly out, F3 (Popup, 23, EV 86.9 MPH)
|
|
Batting: LHB Sloan Rayner
|
0-0: Called Strike 0-1: Swinging Strike 0-2: Strikes out swinging
|
| Top of the 8th over - 0 runs, 1 hit, 0 errors, 1 left on base; University of Georgia 1 - University of Miami 3 |
| BOTTOM OF THE 8TH |
|
University of Miami Hurricanes batting - Pitching for University of Georgia Bulldogs : LHP Andres Caceres
|
|
Batting: SHB Taylor Shelton
|
0-0: SINGLE (Groundball, 6MD, EV 97.5 MPH)
|
|
Batting: RHB Chris Zubia
|
0-0: Ball Taylor Shelton steals 2nd base 1-0: Ball 2-0: Called Strike 2-1: Foul Ball, location: 2F 2-2: Foul Ball, location: 2F 2-2: SINGLE (Line Drive, 34D, EV 106.9 MPH) Taylor Shelton to third
|
|
Batting: RHB Burke Miller
|
0-0: Ball 1-0: Ball 2-0: Ball 3-0: Base on Balls Chris Zubia to second
|
|
Pitching: LHP Aloiki Orana
|
|
|
Batting: LHB Hector Salazar
|
0-0: Fly out, F8 (Line Drive, 8RM, EV 92.5 MPH) Runner from 3rd tags up, SCORES, throw by CF
|
|
Batting: LHB Addergoole Kartosuwiryo
|
0-0: Ball 1-0: Fielders Choice at 2nd, 3-6 (Groundball, 3S, EV 82.5 MPH) Chris Zubia to third
|
|
Batting: RHB Christian Leschak
|
0-0: Fly out, F9 (Flyball, 9LM, EV 86.9 MPH)
|
| Bottom of the 8th over - 1 run, 2 hits, 0 errors, 2 left on base; University of Georgia 1 - University of Miami 4 |
| TOP OF THE 9TH |
|
University of Georgia Bulldogs batting - Pitching for University of Miami Hurricanes : RHP Matt Pepin
|
|
Pitching: RHP Gerald Heemskerk
|
|
|
Batting: RHB Rich Gold
|
0-0: SINGLE (Groundball, 6MD, EV 104.4 MPH)
|
|
Batting: LHB Luis Mejia
|
0-0: Called Strike 0-1: Called Strike 0-2: Foul Ball, location: 2F 0-2: Strikes out looking
|
|
Pinch Hitting: LHB Andy Dyer
|
0-0: Called Strike 0-1: Ball 1-1: Ball 2-1: Swinging Strike 2-2: Strikes out swinging
|
|
Batting: RHB Justin Szymczyk
|
0-0: Ball 1-0: Foul Ball, location: 2F 1-1: Called Strike 1-2: Ball 2-2: Strikes out swinging
|
| Top of the 9th over - 0 runs, 1 hit, 0 errors, 1 left on base; University of Georgia 1 - University of Miami 4 |
|